 Dungeon Crawl Stone Soup version 0.31.0-11-ge490571c62 (webtiles) character file.

Game seed: 17844313101506598622

247 PaiMei the Grave Robber (level 5, -5/38 HPs)
             Began as a Demonspawn Necromancer on Jan 29, 2024.
             Slain by a gnoll sergeant
             ... wielding a +4 spear of venom
              (7 damage)
             ... on level 4 of the Dungeon.
             The game lasted 00:04:11 (3563 turns).

PaiMei the Grave Robber (Demonspawn Necromancer)    Turns: 3563, Time: 00:04:11

Health: -5/38      AC:  3    Str:  8    XL:     5   Next: 85%
Magic:  4/9        EV: 28    Int: 17    God:
Gold:   29         SH:  0    Dex: 20    Spells: 6/10 levels left

rFire   . . .        f - +0 short sword (protect)
rCold   . . .        (no shield)
rNeg    . . .        a - +0 robe
rPois   .            c - +0 helmet
rElec   .            (no cloak)
rCorr   .            (no gloves)
SInv    .            (no boots)
Will    .....        n - amulet of the acrobat
Stlth   ++           i - +6 ring of dexterity
HPRegen 0.26/turn    (no ring)
MPRegen 0.11/turn

%: acrobat
@: lethally poisoned (-5 -> -22), acrobatic
A: hooves 1, powered by death 2
a: no special abilities


You were on level 4 of the Dungeon.
You visited 1 branch of the dungeon, and saw 4 of its levels.

You collected 79 gold pieces.
You spent 50 gold pieces at shops.

Inventory:

Hand Weapons
 f - a +0 short sword of protection (weapon)
Missiles
 e - 9 poisoned darts
 l - 2 atropa-tipped darts (quivered)
Armour
 a - a +0 robe (worn)
 c - a +0 helmet (worn)
Jewellery
 i - a +6 ring of dexterity (left hand)
 n - an amulet of the acrobat (around neck)
 r - a ring of ice
Wands
 o - a wand of flame (24)
Scrolls
 d - 2 scrolls of amnesia {unknown}
 g - 2 scrolls of immolation {unknown}
 j - 4 scrolls of revelation {unknown}
 m - 2 scrolls of vulnerability {unknown}
 q - a scroll of teleportation {unknown}
 s - a scroll of identify {unknown}
 t - a scroll of blinking {unknown}
Potions
 b - a potion of magic
 h - a potion of mutation {unknown}
 k - a potion of berserk rage {unknown}
 p - 3 potions of heal wounds


   Skills:
 + Level 2.2 Fighting
 + Level 3.2 Dodging
 - Level 2.2 Stealth
 + Level 3.2 Spellcasting
 + Level 5.4 Necromancy


You had 6 spell levels left.
You knew the following spells:

 Your Spells              Type           Power      Damage    Failure   Level
a - Necrotise             Necr           84%        1d8       1%          1
b - Vampiric Draining     Necr           21%        2d7       5%          3

Your spell library contained the following spells:

 Spells                   Type           Power      Damage    Failure   Level
 Sandblast                Erth           4%         2d4       17%         1
 Animate Dead             Necr           21%        N/A       19%         4
 Scorch                   Fire           4%         2d5       26%         2
 Frozen Ramparts          Ice            4%         1d1       45%         3
 Passwall                 Erth           2%         N/A       45%         3
 Stone Arrow              Conj/Erth      4%         3d7       45%         3
 Curse of Agony           Necr           21%        N/A       45%         5
 Brom's Barrelling Bould  Conj/Erth      2%         2d3       86%         4
 Flame Wave               Conj/Fire      2%         2d4       86%         4
 Leda's Liquefaction      Alch/Erth      1%         N/A       86%         4
 Petrify                  Alch/Erth      2%         N/A       86%         4
 Metabolic Englaciation   Hex/Ice        1%         N/A       99%         5
 Conjure Ball Lightning   Conj/Air       1%         3x3d6     100%        6
 Summon Cactus Giant      Summ           1%         N/A       100%        6
 Discord                  Hex            1%         N/A       100%        8
 Disjunction              Tloc           1%         N/A       100%        8


Dungeon Overview and Level Annotations

Branches:
Dungeon (4/15)
 Temple: D:4-7

Altars:
Ashenzari
Hepliaklqana
Ru

Shops:
D:3 !


Innate Abilities, Weirdness & Mutations

You have large cloven feet.
You regenerate health from kills.


Message History

The gnoll sergeant barely misses you.
The gnoll sergeant attacks as it pursues you!
The gnoll sergeant closely misses you.
Casting: Necrotise (safe; 1% risk of failure)
Confirm with . or Enter, or press ? or * to list all spells.
Aiming: Necrotise (safe; 1% risk of failure)
Press: ? - help, Shift-Dir - straight line, f/p - gnoll sergeant
Aim: a gnoll sergeant, wielding a +4 spear of venom and wearing a +0 scale mail (moderately wounded, chance to affect: 80%)
The gnoll sergeant barely resists.
The gnoll sergeant hits you from afar with a +4 spear of venom.
You are poisoned.
You feel very sick.
The gnoll sergeant attacks as it pursues you!
The gnoll sergeant completely misses you.
Casting: Necrotise (safe; 1% risk of failure)
Confirm with . or Enter, or press ? or * to list all spells.
Aiming: Necrotise (safe; 1% risk of failure)
Press: ? - help, Shift-Dir - straight line, f/p - gnoll sergeant
Aim: a gnoll sergeant, wielding a +4 spear of venom and wearing a +0 scale mail (moderately wounded, chance to affect: 80%)
The gnoll sergeant writhes in agony.
You feel very sick.
The gnoll sergeant hits you from afar with a +4 spear of venom!
You are lethally poisoned!
You feel very sick.
Casting: Necrotise (safe; 1% risk of failure)
Confirm with . or Enter, or press ? or * to list all spells.
Aiming: Necrotise (safe; 1% risk of failure)
Press: ? - help, Shift-Dir - straight line, f/p - gnoll sergeant
Aim: a gnoll sergeant, wielding a +4 spear of venom and wearing a +0 scale mail (moderately wounded, chance to affect: 80%)
The gnoll sergeant writhes in agony.
* * * LOW HITPOINT WARNING * * *
You feel very sick.
The gnoll sergeant hits you from afar with a +4 spear of venom.
* * * LOW HITPOINT WARNING * * *
You are more poisoned.
* * * LOW HITPOINT WARNING * * *
You feel very sick.
The gnoll sergeant attacks as it pursues you!
The gnoll sergeant hits you from afar with a +4 spear of venom!
You die...

#..# #.. #. #
## ###. #
##... ###
#..#
########..
##.#
#....g...#
#@.#
#....#####
#..# #...##
##g## #...#
##.#####..##
##g.##...#
##...†..##
##......##
#.......###
#.........###


You could see a gnoll sergeant and a gnoll.

Vanquished Creatures
  A bombardier beetle (D:4)
  A hound (D:3)
  Natasha (thrice) (D:2)
  4 adders
  8 orcs (D:3)
  5 endoplasms
  6 goblins
  2 hobgoblins (D:2)
  5 jackals
  10 kobolds
  2 quokkas (D:3)
  5 ball pythons
  6 bats
  3 frilled lizards
  6 rats
67 creatures vanquished.

Vanquished Creatures (collateral kills)
  A rat (D:2)
1 creature vanquished.

Grand Total: 68 creatures vanquished

Notes
Turn   | Place    | Note
-------+----------+-------------------------------------------
     0 | D:1      | PaiMei the Demonspawn Necromancer began the quest for the
                  | Orb.
     0 | D:1      | Reached XP level 1. HP: 13/13 MP: 3/3
   349 | D:1      | Gained mutation: You have large cloven feet. [demonic
                  | ancestry]
   349 | D:1      | Reached XP level 2. HP: 18/19 MP: 0/5
  1005 | D:1      | Found a faded altar of an unknown god.
  1115 | D:2      | Gained mutation: You regenerate a little health from kills.
                  | [demonic ancestry]
  1115 | D:2      | Reached XP level 3. HP: 24/24 MP: 0/6
  1521 | D:2      | Noticed Natasha
  1543 | D:2      | Killed Natasha
  1544 | D:2      | Reached skill level 1 in Fighting
  1544 | D:2      | Reached XP level 4. HP: 9/32 MP: 0/7
  1595 | D:2      | Noticed Natasha
  1600 | D:2      | Killed Natasha
  1601 | D:2      | Reached skill level 5 in Necromancy
  2119 | D:2      | Noticed Natasha
  2123 | D:2      | Killed Natasha
  2124 | D:2      | Gained mutation: You regenerate health from kills. [demonic
                  | ancestry]
  2124 | D:2      | Reached XP level 5. HP: 31/37 MP: 5/9
  2311 | D:2      | Learned a level 3 spell: Vampiric Draining
  2386 | D:3      | Found a sacrificial altar of Ru.
  2396 | D:3      | Found a broken altar of Ashenzari.
  2670 | D:3      | Found Atoadd's Distillery.
  2676 | D:3      | Bought a potion of heal wounds for 50 gold pieces
  3116 | D:3      | Found a hazy altar of Hepliaklqana.
  3563 | D:4      | Slain by a gnoll sergeant

Illustrated notes

Levels and vault maps discovered:
D:1:      lightli_arrival_windingriver, layout_loops_cross,
          chequers_ecumenical_altar_grove
D:2:      wad_pebble_path, layout_loops_ring, minmay_fractal_squares_gapless_5,
          uniq_natasha
D:3:      layout_basic, nicolae_overflow_quartered_altars, serial_shops, shop
D:4:      cheibrodos_thug_alley, layout_layer_cave, serial_shops,
          nicolae_shop_waterfront

Skill      XL: |  1  2  3  4  5 |
---------------+----------------+-----
Dodging        | 2 3 |  3.2
Stealth        | 2 |  2.2
Fighting       | 1 2 |  2.2
Necromancy     | 5 |  5.4
Spellcasting   | 3 |  3.2

Action                     |  1- 3 |  4- 6 || total
---------------------------+-------+-------++-------
  Melee: Dagger            |     1 |       ||     1
         Short sword       |    14 |     3 ||    17
         Kick              |     3 |     1 ||     4
   Cast: Necrotise         |    62 |    75 ||   137
         Vampiric Draining |       |     1 ||     1
 Armour: Robe              |    18 |    16 ||    34
  Dodge: Dodged            |    24 |    19 ||    43
